 Dungeon Crawl Stone Soup version 0.31-a0-960-g0fca184906 (webtiles) character file.

Game seed: 7458318474959804851

5376 Hubris850 the Thaumaturge (level 10, -1/50 HPs)
             Began as a Deep Elf Conjurer on Oct 23, 2023.
             Was a Priest of Vehumet.
             Slain by a death yak (15 damage)
             ... on level 9 of the Dungeon.
             The game lasted 00:35:14 (9842 turns).

Hubris850 the Thaumaturge (Deep Elf Conjurer)       Turns: 9842, Time: 00:35:15

Health: -1/50      AC: 16    Str:  4    XL:     10   Next: 39%
Magic:  18/27      EV: 12    Int: 26    God:    Vehumet [***...]
Gold:   552        SH:  0    Dex: 17    Spells: 17/32 levels left

rFire   . . .        q - +2 dagger (vamp)
rCold   . . .        (no shield)
rNeg    + . .        f - +2 leather armour {rPois}
rPois   +            i - +1 helmet
rElec   .            y - +1 cloak of the Cooper {Will+ Dex+2}
rCorr   .            v - +0 pair of gloves
SInv    .            h - +1 pair of boots
Will    ++...        t - amulet of regeneration
Stlth   ++           e - +4 ring of protection
HPRegen 1.08/turn    w - ring of positive energy
MPRegen 0.20/turn

%: no passive effects
@: no status effects
A: no striking features
a: Renounce Religion


You were on level 9 of the Dungeon.
You worshipped Vehumet.
Vehumet was most pleased with you.
You visited 2 branches of the dungeon, and saw 10 of its levels.

You collected 552 gold pieces.

Inventory:

Hand Weapons
 c - a +0 short sword of protection
 q - a +2 vampiric dagger (weapon)
Missiles
 k - 12 poisoned darts
 p - a throwing net
 D - 2 silver javelins
Armour
 a - a +0 robe
 f - a +2 leather armour of poison resistance (worn)
 h - a +1 pair of boots (worn)
 i - a +1 helmet (worn)
 l - a +0 hat
 n - a +0 leather armour
 o - a +2 ring mail of fire resistance
 r - a +1 cloak
 v - a +0 pair of gloves (worn)
 x - a +2 cloak
 y - the +1 cloak of the Cooper (worn) {Will+ Dex+2}
   (You found it on level 3 of the Dungeon)

   Dex+2:     It affects your dexterity (+2).
   Will+:     It increases your willpower.
Magical Staves
 B - a staff of fire
Jewellery
 e - a +4 ring of protection (left hand)
 t - an amulet of regeneration (around neck)
 w - a ring of positive energy (right hand)
Wands
 j - a wand of charming (3)
 u - a wand of iceblast (9)
 G - a wand of quicksilver (14)
Scrolls
 d - 2 scrolls of enchant armour
 s - 4 scrolls of teleportation
 C - a scroll of amnesia
Potions
 b - 2 potions of magic
 g - 2 potions of brilliance
 m - 6 potions of curing
 z - 2 potions of haste
 A - 2 potions of attraction {unknown}
 E - 2 potions of lignification {unknown}


   Skills:
 - Level 2.0 Short Blades
 - Level 3.5 Dodging
 - Level 3.0 Stealth
 + Level 11.9 Spellcasting
 - Level 10.0 Conjurations
 - Level 5.0 Hexes
 + Level 8.3 Summonings
 + Level 2.9 Fire Magic


You had 17 spell levels left.
You knew the following spells:

 Your Spells              Type           Power      Damage    Failure   Level
a - Magic Dart            Conj           100%       1d8       1%          1
b - Searing Ray           Conj           100%       2d8       1%          2
c - Fulminant Prism       Conj/Hex       26%        3d14      1%          4
d - Summon Small Mammal   Summ           100%       N/A       1%          1
e - Call Canine Familiar  Summ           56%        N/A       1%          3
f - Sticky Flame          Conj/Fire      49%        2d7       1%          4

Your spell library contained the following spells:

 Spells                   Type           Power      Damage    Failure   Level
 Ignite Poison            Fire/Tmut/Pois 20%        N/A       4%          3
 Freeze                   Ice            60%        1d7       1%          1
 Sandblast                Erth           30%        2d9       1%          1
 Shock                    Conj/Air       100%       1d9       1%          1
 Momentum Strike          Conj/Tloc      82%        3d10      1%          2
 Dazzling Flash           Conj/Hex       100%       N/A       1%          3
 Hailstorm                Conj/Ice       41%        3d10      1%          3
 Summon Guardian Golem    Hex/Summ       50%        N/A       1%          3
 Flame Wave               Conj/Fire      49%        2d12      1%          4
 Tukima's Dance           Hex            41%        N/A       2%          3
 Iskenderun's Mystic Bla  Conj/Tloc      41%        2d9       2%          4
 Ensorcelled Hibernation  Hex/Ice        56%        N/A       3%          2
 Frozen Ramparts          Ice            30%        1d5       5%          3
 Necrotise                Necr           60%        1d7       7%          1
 Sting                    Tmut/Pois      60%        1d6       7%          1
 Blink                    Tloc           30%        N/A       11%         2
 Lesser Beckoning         Tloc           30%        N/A       11%         2
 Passwall                 Tmut/Erth      12%        N/A       11%         2
 Airstrike                Air            7%         2d(2-18)  17%         4
 Yara's Violent Unravell  Hex/Tmut       14%        3d7       17%         5
 Swiftness                Air            15%        N/A       21%         3
 Vampiric Draining        Necr           15%        2d7       21%         3
 Passage of Golubria      Tloc           15%        N/A       56%         4
 Agony                    Necr           15%        N/A       88%         5
 Chain Lightning          Conj/Air       20%        3d27      100%        9
 Fire Storm               Conj/Fire      24%        8d6       100%        9
 Shatter                  Erth           7%         3d10*     100%        9


Dungeon Overview and Level Annotations

Branches:
Dungeon (9/15)             Temple (1/1) D:4
   Lair: D:8-11         Orc: D:9-12

Altars:
Ashenzari
Cheibriados
Dithmenos
Elyvilon
Fedhas
Gozag
Hepliaklqana
Kikubaaqudgha
Makhleb
Nemelex Xobeh
Okawaru
Qazlal
Ru
Sif Muna
Trog
Uskayaw
Vehumet
Wu Jian
Xom
Yredelemnul
Zin
The Shining One

Shops:
D:1 =

Annotations:
D:5 3 runed translucent doors, jlumianski's ghost, amateur GnSh
D:7 2 transporters, soul19's ghost, novice DsFi


Message History

The magic dart hits the death yak.
The death yak is moderately wounded.
You hear the steady creaking of a very distant portcullis.
Casting: Magic Dart (safe; 1% risk of failure)
Confirm with . or Enter, or press ? or * to list all spells.
Aiming: Sticky Flame (dangerous; 1% risk of failure)
Press: ? - help, Shift-Dir - straight line, f/p - death yak
Aim: a death yak (moderately wounded, ally target)
The sticky flame hits the death yak!
The death yak is moderately wounded.
The death yak is covered in liquid flames!
Your wolf disappears in a puff of smoke!
The death yak burns!
The death yak gores you!!
Casting: Sticky Flame (dangerous; 1% risk of failure)
Confirm with . or Enter, or press ? or * to list all spells.
Aiming: Magic Dart (safe; 1% risk of failure)
Press: ? - help, Shift-Dir - straight line, f/p - death yak
Aim: a death yak (heavily wounded, covered in liquid flames, 100% to hit)
The magic dart hits the death yak.
The death yak is heavily wounded.
The death yak burns!
The death yak gores you but does no damage.
You hit the death yak.
The death yak is severely wounded.
The death yak burns!
The death yak gores you.
You hit the death yak but do no damage.
The death yak is severely wounded.
The death yak burns!
The death yak gores you!!
* * * LOW HITPOINT WARNING * * *
You hit the death yak but do no damage.
The death yak is severely wounded.
The death yak gores you.
* * * LOW HITPOINT WARNING * * *
The yak barely misses you.
You hit the death yak but do no damage.
The death yak is severely wounded.
The death yak burns!
The death yak snorts and paws the ground.
The death yak gores you!
You die...

#.........##########....#
#..................#....#
##########.........#...##
#.......'.........#...##
#........#.........#....#
#........#.........#....#
#........#.........#....#
#........#.........#....#
#........#@........#....#
#........#YY.......'....#
###########.........#....#
....................#....#
...........#############.#
...............# ###
#..............#
.#..............# ###
..!.............##############...


You could see a death yak (burning) and a yak.

Vanquished Creatures
  2 death yaks (D:9)
  A troll (D:9)
  Eustachio (D:4)
  5 yaks (D:8)
  A steam dragon (D:5)
  Duvessa (D:7)
  A water moccasin (D:7)
  3 orc warriors
  A black bear (D:5)
  A sky beast (D:7)
  4 ogres
  5 ice beasts
  A kobold brigand (D:8)
  A phantom (D:7)
  A bullfrog (D:6)
  2 scorpions
  Dowan (D:7)
  3 killer bees (D:6)
  A howler monkey (D:4)
  2 jellies
  2 hounds
  7 orc priests
  3 iguanas
  A sleepcap (D:6)
  4 orc wizards
  12 gnolls
  5 adders
  A white imp (D:5)
  2 ufetubi (D:6)
  2 worms
  3 dart slugs
  37 orcs
  11 endoplasms
  9 giant cockroaches
  8 goblins
  4 hobgoblins
  2 jackals (D:1)
  3 quokkas
  9 ball pythons
  6 bats
  13 frilled lizards
  10 kobolds
  10 rats
  A fulminant prism (D:9)
203 creatures vanquished.

Vanquished Creatures (collateral kills)
  A yak (D:8)
  2 sleepcaps (D:8)
3 creatures vanquished.

Vanquished Creatures (others)
  20 fulminant prisms
20 creatures vanquished.

Grand Total: 226 creatures vanquished

Notes
Turn   | Place    | Note
-------+----------+-------------------------------------------
     0 | D:1      | Hubris850 the Deep Elf Conjurer began the quest for the
                  | Orb.
     0 | D:1      | Reached XP level 1. HP: 10/10 MP: 6/6
   156 | D:1      | Reached XP level 2. HP: 15/15 MP: 5/8
   493 | D:1      | Found a faded altar of an unknown god.
   527 | D:1      | Reached XP level 3. HP: 19/19 MP: 6/9
   599 | D:1      | Found Vesot's Jewellery Emporium.
   723 | D:1      | Learned a level 2 spell: Searing Ray
  1059 | D:2      | Identified the of Okkei
  1179 | D:2      | Reached skill level 1 in Short Blades
  1325 | D:2      | Reached XP level 4. HP: 24/24 MP: 7/11
  1333 | D:2      | Learned a level 4 spell: Fulminant Prism
  1578 | D:2      | Reached skill level 4 in Spellcasting
  1578 | D:2      | Reached skill level 5 in Conjurations
  2260 | D:3      | Found a hazy altar of Hepliaklqana.
  2341 | D:3      | Found a glowing golden altar of the Shining One.
  2489 | D:3      | Reached XP level 5. HP: 28/28 MP: 11/13
  2838 | D:3      | Reached skill level 1 in Hexes
  2984 | D:3      | Identified the +1 cloak of the Cooper {Will+ Dex+2}
  3193 | D:3      | Reached skill level 5 in Spellcasting
  3493 | D:4      | Reached XP level 6. HP: 30/32 MP: 5/15
  3678 | D:4      | Found a staircase to the Ecumenical Temple.
  3692 | Temple   | Entered the Ecumenical Temple
  3735 | Temple   | Became a worshipper of Vehumet
  3942 | D:4      | Noticed Eustachio
  3967 | D:4      | Killed Eustachio
  3968 | D:4      | Reached skill level 6 in Spellcasting
  3968 | D:4      | Reached XP level 7. HP: 18/36 MP: 0/18
  4350 | D:4      | Learned a level 1 spell: Summon Small Mammal
  4611 | D:4      | Reached * piety under Vehumet
  4611 | D:4      | Offered knowledge of Sandblast by Vehumet.
  4645 | D:4      | Learned a level 1 spell: Sandblast
  4746 | D:5      | Entered Level 5 of the Dungeon
  4765 | D:5      | Found a runed translucent gate.
  4766 | D:5      | Found a runed translucent gate.
  4766 | D:5      | Noticed jlumianski's ghost (amateur GnSh)
  4767 | D:5      | Found a runed translucent gate.
  4805 | D:5      | Reached skill level 1 in Summonings
  5046 | D:5      | Reached skill level 7 in Spellcasting
  5046 | D:5      | Reached skill level 5 in Hexes
  5329 | D:5      | Found a shimmering blue altar of Sif Muna.
  5445 | D:5      | Reached XP level 8. HP: 41/41 MP: 9/21
  6039 | D:6      | Reached skill level 8 in Spellcasting
  6215 | D:6      | Found a blossoming altar of Fedhas.
  6471 | D:6      | Found a shadowy altar of Dithmenos.
  6544 | D:6      | Found a hide-covered altar of Uskayaw.
  6551 | D:6      | Found a basalt altar of Yredelemnul.
  6552 | D:6      | Found an iron altar of Okawaru.
  6552 | D:6      | Found a sparkling altar of Nemelex Xobeh.
  6556 | D:6      | Found a shimmering altar of Xom.
  6557 | D:6      | Found a glowing silver altar of Zin.
  7012 | D:6      | Offered knowledge of Freeze by Vehumet.
  7014 | D:6      | Reached skill level 9 in Spellcasting
  7016 | D:6      | Reached ** piety under Vehumet
  7176 | D:6      | Reached skill level 5 in Summonings
  7176 | D:6      | Reached XP level 9. HP: 22/45 MP: 18/24
  7794 | D:7      | Noticed soul19's ghost (novice DsFi)
  7802 | D:7      | Found a transporter.
  7820 | D:7      | Noticed a two-headed ogre
  7830 | D:7      | Noticed a moth of wrath
  7837 | D:7      | Found a transporter.
  7843 | D:7      | Found a bloodstained altar of Trog.
  7895 | D:7      | Noticed Duvessa
  7898 | D:7      | Noticed Dowan
  7909 | D:7      | Killed Duvessa
  7917 | D:7      | Killed Dowan
  8203 | D:7      | Learned a level 3 spell: Call Canine Familiar
  8223 | D:7      | Reached skill level 10 in Spellcasting
  8715 | D:8      | Offered knowledge of Ignite Poison by Vehumet.
  8754 | D:8      | Found an ornate altar of the Wu Jian Council.
  8754 | D:8      | Found a bloodstained altar of Trog.
  8800 | D:8      | Reached *** piety under Vehumet
  8975 | D:8      | Reached skill level 11 in Spellcasting
  8975 | D:8      | Reached skill level 10 in Conjurations
  9129 | D:8      | Found a sacrificial altar of Ru.
  9162 | D:8      | Reached XP level 10. HP: 47/50 MP: 24/27
  9538 | D:9      | Learned a level 4 spell: Sticky Flame
  9588 | D:9      | Noticed a death yak
  9588 | D:9      | Noticed a death yak
  9589 | D:9      | Noticed a death yak
  9590 | D:9      | Noticed a death yak
  9590 | D:9      | Noticed a death yak
  9591 | D:9      | Noticed a death yak
  9599 | D:9      | Noticed a death yak
  9601 | D:9      | Killed a death yak
  9602 | D:9      | Reached skill level 1 in Fire Magic
  9604 | D:9      | Killed a death yak
  9607 | D:9      | Noticed a death yak
  9842 | D:9      | Slain by a death yak

Illustrated notes

Levels and vault maps discovered:
D:1:      dpeg_arrival_prison, layout_rooms, serial_shops, nicolae_shop_crystal,
          ebering_ecumenical_altar_webs, hangedman_abyss_or_decor_lesser_grid
D:2:      layout_basic, minmay_increasing_density
D:3:      layout_basic, mainiacjoe_overflow_catwalk,
          mainiacjoe_overflow_brackets
D:4:      minmay_opposing_rooms, layout_basic,
          minmay_temple_entry_drinking_statues, uniq_eustachio
D:5:      layout_loops_cross, lemuel_blue_sif_altar, gammafunk_ghost_split,
          minmay_chambers_of_fives
D:6:      layout_basic, mainiacjoe_overflow_small_starburst, minitemple,
          grunt_dithmenos_smoke, minmay_lizard_king
D:7:      layout_cave_pods, gammafunk_ghost_wrathful_warriors, uniq_duvessa
D:8:      layout_basic, mainiacjoe_overflow_alcove_1,
          grunt_temple_overflow_open, amethyst_killhole
D:9:      layout_gridville, dpeg_lair_monsters, enter_bailey_3, minivault_24,
          kennysheep_minor_cross
Temple:   hellmonk_temple_forest_ring

Skill      XL: |  1  2  3  4  5  6  7  8  9 10 |
---------------+-------------------------------+-----
Stealth        | 3 |  3.0
Dodging        | 3 |  3.5
Short Blades   | 1 2 |  2.0
Spellcasting   | 4 5 6 7 9 11 | 11.9
Conjurations   | 5 6 7 8 10 | 10.0
Hexes          | 2 4 5 |  5.0
Summonings     | 2 5 7 8 |  8.3
Fire Magic     | 2 |  2.9

Action                     |  1- 3 |  4- 6 |  7- 9 | 10-12 || total
---------------------------+-------+-------+-------+-------++-------
  Melee: Short sword       |     6 |       |       |       ||     6
         Dagger            |       |     8 |   179 |    12 ||   199
  Throw: Dart              |       |     3 |       |       ||     3
         Javelin           |       |     2 |       |       ||     2
         Throwing net      |       |     1 |       |       ||     1
   Cast: Magic Dart        |    72 |   123 |   318 |     7 ||   520
         Searing Ray       |     1 |     2 |    10 |     2 ||    15
         Fulminant Prism   |       |     2 |    10 |     9 ||    21
         Summon Small Mamm |       |       |     1 |     1 ||     2
         Call Canine Famil |       |       |     2 |     6 ||     8
         Sticky Flame      |       |       |       |     1 ||     1
  Evoke: Wand              |       |       |     1 |       ||     1
    Use: Scroll            |       |       |    17 |     1 ||    18
   Stab: Held in net/web   |       |     1 |       |       ||     1
         Distracted        |       |       |     1 |       ||     1
 Armour: Robe              |     5 |       |       |       ||     5
         Leather armour    |       |    22 |   202 |    22 ||   246
  Dodge: Dodged            |     3 |     9 |   186 |    13 ||   211

Table legend: (Time is in decaauts)
 A = Elapsed time spent in this place.
 B = Non-inter-level travel time spent in this place.
 C = Inter-level travel time spent in this place.
 D = Time resting spent in this place.
 E = Time spent auto-exploring this place.
 F = Levels seen in this place.
 G = Mean time per level.
                   A        B        C        D        E       F      G
               +--------+--------+--------+--------+--------+-----+--------+
         Total |   9830 |   9598 |    232 |   1480 |   6322 |  10 |  983.0 |
       Dungeon |   9778 |   9554 |    224 |   1480 |   6322 |   9 | 1086.4 |
        Temple |     51 |     43 |      8 |      0 |      0 |   1 |   51.0 |
               +--------+--------+--------+--------+--------+-----+--------+

Top non-repeatable levels by time:
     D:5: 1391 daAuts
     D:4: 1382 daAuts
     D:6: 1220 daAuts
     D:2: 1196 daAuts
     D:7: 1159 daAuts
     D:1: 1057 daAuts
     D:3: 1055 daAuts
     D:8: 971 daAuts
     D:9: 343 daAuts
  Temple: 51 daAuts
